 Dungeon Crawl Stone Soup version 0.30-a0-358-g0d69a1922f (webtiles) character file.

Game seed: 12198764200994703434

98 mopl the Chopper (level 5, -7/41 HPs)
             Began as a Formicid Warper on Nov 10, 2022.
             Mangled by an ogre
             ... wielding a +0 giant spiked club
              (35 damage)
             ... on level 3 of the Dungeon.
             The game lasted 00:02:34 (1395 turns).

mopl the Chopper (Formicid Warper)                  Turns: 1395, Time: 00:02:35

Health: -7/41      AC:  5    Str: 17    XL:     5   Next: 0%
Magic:  8/8        EV: 11    Int: 13    God:
Gold:   90         SH:  0    Dex: 13    Spells: 8/8 levels left

rFire   . . .      SeeInvis +    j - +0 lajatang
rCold   . . .      Faith    .    (no shield)
rNeg    . . .      Spirit   .    e - +0 ring mail
rPois   .          Reflect  .    (helmet unavailable)
rElec   .          Harm     .    (no cloak)
rCorr   .          Rampage  .    (no gloves)
Will    .....                    (no boots)
Stlth   +.........               (no amulet)
HPRegen 0.26/turn                (no ring)
MPRegen 0.11/turn                (no ring)

@: no status effects
A: permanent stasis, dig shafts and tunnels, antennae 3, four strong arms
a: Dig, Shaft Self


You were on level 3 of the Dungeon.
You visited 1 branch of the dungeon, and saw 3 of its levels.

You collected 90 gold pieces.

Inventory:

Hand Weapons
 a - a +0 hand axe
 j - a +0 lajatang (weapon)
Missiles
 c - 5 boomerangs of dispersal (quivered)
Armour
 e - a +0 ring mail (worn)
Magical Staves
 b - a staff of earth
Jewellery
 p - an amulet of regeneration
Scrolls
 f - a scroll of blinking {unknown}
 h - a scroll of immolation {unknown}
 k - a scroll of butterflies {unknown}
 l - a scroll of magic mapping {unknown}
Potions
 g - a potion of resistance {unknown}
 i - a potion of berserk rage {unknown}
 m - a potion of attraction {unknown}
 n - 3 potions of invisibility {unknown}
 o - 2 potions of curing {unknown}


   Skills:
 + Level 3.0 Fighting
 * Level 3.3 Axes
 - Level 1.0 Throwing
 + Level 2.2 Armour
 - Level 1.7 Dodging
 - Level 2.1 Spellcasting
 + Level 3.2 Translocations


You had 8 spell levels left.
You didn't know any spells.
Your spell library contained the following spells:

 Spells                   Type           Power      Damage    Failure   Level
 Gell's Gravitas          Tloc           9%         N/A       34%         3
 Lesser Beckoning         Tloc           18%        N/A       34%         3
 Teleport Other           Tloc           9%         N/A       34%         3
 Kiss of Death            Conj/Necr      4%         2d5       41%         1
 Vhi's Electric Charge    Tloc/Air       10%        N/A       56%         3
 Manifold Assault         Tloc           9%         N/A       75%         4
 Confusing Touch          Hex            1%         N/A       80%         3
 Dispel Undead            Necr           1%         3d6       99%         4
 Blink                    Tloc           Unusable   N/A       N/A         2

Dungeon Overview and Level Annotations

Branches:
Dungeon (3/15)

Altars:
The Shining One

Shops:
D:1 =


Innate Abilities, Weirdness & Mutations

You cannot be hasted, slowed, berserked, paralysed or teleported.
You can dig through walls and to a lower floor.
You have a pair of large antennae on your head. (SInv)
Your four strong arms can wield two-handed weapons with a shield.


Message History

You throw a boomerang of dispersal.
The boomerang of dispersal hits the ogre.
The ogre blinks!
The ogre is lightly wounded.
Throw: 4 darts (poison)
Press: ? - help, Q - select action, (/) - cycle Shift-Dir - straight line, f/p - ogre
Aim: an ogre, wielding a +0 giant spiked club (lightly wounded, 73% to hit)
You throw a poisoned dart. The poisoned dart hits the ogre.
The ogre is poisoned.
The ogre is lightly wounded.
Throw: 3 darts (poison)
Press: ? - help, Q - select action, (/) - cycle Shift-Dir - straight line, f/p - ogre
Aim: an ogre, wielding a +0 giant spiked club (lightly wounded, poisoned, 73% to hit)
You throw a poisoned dart. The poisoned dart hits the ogre.
The ogre is lightly wounded.
Throw: 2 darts (poison)
Press: ? - help, Q - select action, (/) - cycle Shift-Dir - straight line, f/p - ogre
Aim: an ogre, wielding a +0 giant spiked club (moderately wounded, poisoned, 73% to hit)
You throw a poisoned dart. The poisoned dart hits the ogre.
The ogre looks even sicker.
The ogre is moderately wounded.
Throw: dart (poison)
Press: ? - help, Q - select action, (/) - cycle Shift-Dir - straight line, f/p - ogre
Aim: an ogre, wielding a +0 giant spiked club (moderately wounded, very poisoned, 73% to hit)
You throw a poisoned dart.
The poisoned dart barely misses the ogre.
You start putting on your amulet.
You continue putting on your amulet of regeneration. x2
The ogre hits you with a +0 giant spiked club!
Keep equipping yourself? [Y]es or [N]o only, please.
Keep equipping yourself? [Y]es or [N]o only, please.
Keep equipping yourself?
You stop putting on your amulet.
You slash the ogre!
The ogre is almost dead.
The ogre hits you with a +0 giant spiked club!!
Ouch! That really hurt!
You die...

#...#....†.#... ...#
#..##.###..#.#.#....
#.##.)###.#..#
#.##.###..#.## #.#..
#....##..
#.#.####........
#...##......##..#
#..##..#.##.# ##
#@#### .# #O# ## .(.
..... .....^(
........(
#........(.
#..........#


You could see an ogre (very poisoned).

Vanquished Creatures
  5 adders (D:2)
  A dart slug (D:2)
  4 orcs (D:2)
  7 ball pythons
  3 bats (D:1)
  5 endoplasms
  A giant cockroach (D:3)
  4 goblins
  4 hobgoblins
  A quokka (D:1)
  A frilled lizard (D:3)
  4 kobolds (D:1)
  6 rats
46 creatures vanquished.

Notes
Turn   | Place    | Note
-------+----------+-------------------------------------------
     0 | D:1      | mopl the Formicid Warper began the quest for the Orb.
     0 | D:1      | Reached XP level 1. HP: 16/16 MP: 3/3
    64 | D:1      | Reached XP level 2. HP: 14/23 MP: 5/5
   283 | D:1      | Found Doemiovo's One-of-a-Kind Rings.
   353 | D:1      | Reached XP level 3. HP: 28/28 MP: 6/6
   482 | D:2      | Reached skill level 3 in Translocations
   586 | D:2      | Reached XP level 4. HP: 24/34 MP: 7/7
   638 | D:2      | Reached skill level 3 in Axes
   656 | D:2      | Reached skill level 2 in Armour
   857 | D:2      | Reached skill level 3 in Fighting
  1228 | D:3      | Found a glowing golden altar of the Shining One.
  1382 | D:3      | Noticed an ogre
  1386 | D:3      | Reached XP level 5. HP: 40/41 MP: 8/8
  1395 | D:3      | Mangled by an ogre

Illustrated notes

Levels and vault maps discovered:
D:1:      evilmike_arrival_plus, layout_rooms, minmay_misc_feat_more_columns,
          minmay_misc_feat_room, minmay_strange_pillars,
          nicolae_shop_unique_rings, grunt_decor_one_mirror, chequers_arboretum
D:2:      layout_loops_ring
D:3:      layout_rooms, grunt_temple_overflow_gold_and_silver,
          nicolae_overflow_hidden_temple, serial_shops, shop

Skill      XL: |  1  2  3  4 |
---------------+-------------+-----
Translocations | 3 |  3.2
Axes           | 3 |  3.3
Armour         | 2 |  2.2
Fighting       | 3 |  3.0
Throwing       | |  1.0
Dodging        | |  1.7
Spellcasting   | |  2.1

Action                   |  1- 3 |  4- 6 || total
-------------------------+-------+-------++-------
Melee: Hand axe          |   106 |     3 ||   109
       Lajatang          |       |    57 ||    57
       Punch             |       |     1 ||     1
Throw: Dart              |       |     5 ||     5
       Boomerang         |       |     2 ||     2
  Use: Potion            |       |     1 ||     1
Armor: Leather armour    |    22 |       ||    22
       Ring mail         |    23 |    29 ||    52
Dodge: Dodged            |    98 |    40 ||   138

Table legend: (Time is in decaauts)
 A = Elapsed time spent in this place.
 B = Non-inter-level travel time spent in this place.
 C = Inter-level travel time spent in this place.
 D = Time resting spent in this place.
 E = Time spent auto-exploring this place.
 F = Levels seen in this place.
 G = Mean time per level.
                   A        B        C        D        E       F      G
               +--------+--------+--------+--------+--------+-----+--------+
         Total |   1435 |   1391 |     44 |    175 |    829 |   3 |  478.3 |
       Dungeon |   1435 |   1391 |     44 |    175 |    829 |   3 |  478.3 |
               +--------+--------+--------+--------+--------+-----+--------+

Top non-repeatable levels by time:
     D:2: 783 daAuts
     D:1: 479 daAuts
     D:3: 172 daAuts
